 Dungeon Crawl Stone Soup version 0.19.5 (webtiles) character file.

515391 bobthegiant the Minotaur Blade (level 24, -2/208 HPs)
             Began as a Minotaur Fighter on Apr 21, 2017.
             Was the Champion of Okawaru.
             Killed from afar by a starcursed mass (9 damage)
             ... with an accursed screaming
             ... on level 5 of the Abyss on Apr 28, 2017.
             The game lasted 07:55:58 (56864 turns).

bobthegiant the Minotaur Blade (Minotaur Fighter)  Turns: 56864, Time: 07:55:59

Health: -2/208     AC: 23    Str: 31      XL:     24   Next: 47%
Magic:  24/26      EV: 19    Int:  9 (11) God:    Okawaru [******]
Gold:   1586       SH: 16    Dex:  8      Spells: 1 memorised, 20 levels left

rFire  + + .     SeeInvis .     a - +9 double sword (vamp)
rCold  + + .     Gourm    +     K - +5 ring mail of Faengase {+Blink rN+ Regen+ Dex+2}
rNeg   + + .     Faith    .     I - +2 shield of Resistance {rF+ rC+ MR+}
rPois  +         Spirit   .     M - +0 hat {MR+}
rElec  .         Reflect  .     C - +1 cloak {MR+}
rCorr  .         Harm     .     S - +2 pair of gloves "Gagup" {rN+ Regen+ Int+3 Dex-4}
MR     ++++.     Rnd*Rage +     r - +0 pair of boots of Oheab {Int+4}
Stlth  ..........               l - amulet of the gourmand
                                m - ring "Hearphe" {rC+ Str+3}
                                g - ring of protection from fire

@: exhausted, about to teleport, finesse, slowed, very slow
A: retaliatory headbutt, horns 2, agile 1, berserk 1, clumsy 2, dopey 2, frail
1, low mp 2, sense surroundings 1, poison resistance, screaming 2, subdued magic
2, MP-powered wands
a: Heroism, Finesse, Renounce Religion, Evoke Blink
}: 2/15 runes: decaying, serpentine


You were on level 5 of the Abyss.
You worshipped Okawaru.
Okawaru was exalted by your worship.
You were full.

You visited 9 branches of the dungeon, and saw 43 of its levels.
You visited the Abyss 2 times.

You collected 4189 gold pieces.
You spent 2603 gold pieces at shops.

Inventory:

Hand Weapons
 a - a +9 vampiric double sword (weapon)
 b - a +2 long sword of flaming
 d - a +1 long sword of slicing
 G - a +1 morningstar of distortion
Missiles
 Y - 7 tomahawks of dispersal (quivered)
Armour
 r - the +0 pair of boots of Oheab (worn) {Int+4}
   (Okawaru gifted it to you on level 1 of the Lair of Beasts)

   It affects your intelligence (+4).
 C - a +1 cloak of magic resistance (worn)
 I - the +2 shield of Resistance (worn) {rF+ rC+ MR+}
   (You bought it in a shop on level 4 of the Dungeon)

   It protects you from fire.
   It protects you from cold.
   It affects your resistance to hostile enchantments.
 K - the +5 ring mail of Faengase (worn) {+Blink rN+ Regen+ Dex+2}
   (Okawaru gifted it to you on level 5 of the Lair of Beasts)

   It affects your dexterity (+2).
   It protects you from negative energy.
   It lets you blink.
   It increases your rate of regeneration.
 M - a +0 hat of magic resistance (worn)
 S - the +2 pair of gloves "Gagup" (worn) {rN+ Regen+ Int+3 Dex-4}
   (Okawaru gifted it to you on level 6 of the Lair of Beasts)

   It affects your intelligence (+3).
   It affects your dexterity (-4).
   It protects you from negative energy.
   It increases your rate of regeneration.
Jewellery
 e - an uncursed ring of protection from cold
 g - a ring of protection from fire (left hand)
 i - a cursed ring of protection from cold
 j - an uncursed ring of see invisible
 l - an amulet of the gourmand (around neck)
 m - the ring "Hearphe" (right hand) {rC+ Str+3}
   (You bought it in a shop on level 2 of the Orcish Mines)

   [ring of protection from cold]

   It affects your strength (+3).
   It protects you from cold.
 u - an uncursed ring of flight
 w - a +3 amulet of reflection
Wands
 p - a wand of slowing (17/48)
 q - a wand of confusion (28/48)
Scrolls
 s - 11 scrolls of teleportation
 t - a scroll of holy word
 B - 9 scrolls of identify
 F - 2 scrolls of blinking
 H - 9 scrolls of remove curse
Potions
 f - 2 potions of flight
 n - a potion of cure mutation
 o - 6 potions of might
 x - 2 potions of agility
 A - 14 potions of curing
 O - a potion of resistance
 P - 9 potions of haste
 U - 2 potions of cancellation
Miscellaneous
 c - a phantom mirror
 y - a phial of floods (inert)
Comestibles
 h - a meat ration
 k - 17 bread rations
 D - 60 fruits
 N - a beef jerky


   Skills:
 + Level 22.3 Fighting
 + Level 23.3 Long Blades
 + Level 21.5 Armour
 + Level 18.4 Dodging
 - Level 15.0 Shields
 - Level 10.6 Invocations
 + Level 15.8 Evocations


You had 20 spell levels left.
You knew the following spells:

 Your Spells              Type           Power        Failure   Level  Hunger
a - Confuse               Hex            #.......     95%         3    ####...


Dungeon Overview and Level Annotations

Branches:
Dungeon (15/15)            Temple (1/1) D:5            Lair (6/6) D:11
  Swamp (4/4) Lair:3        Snake (4/4) Lair:4        Slime (0/5) Lair:6
    Orc (2/2) D:11            Elf (2/3) Orc:2        Vaults (4/5) D:14
 Depths (5/5) D:15            Zot (0/5) Depths:5
  Crypt: Vaults:2-3

Altars:
Ashenzari
Cheibriados
Dithmenos
Gozag
Hepliaklqana
Kikubaaqudgha
Makhleb
Nemelex Xobeh
Okawaru
Qazlal
Ru
Vehumet
Xom
Yredelemnul
Zin
The Shining One

Shops:
D:4 [   D:9 !:   D:10 %}*   D:12 %(?}   Orc:2 =?*=   Elf:1 =([[*   Elf:2 !
Vaults:1 %   Depths:4 :

Portals:
Hell: Depths:1 Depths:2 Depths:3 Depths:4 Depths:5
Pandemonium: Depths:1 Depths:2 Depths:3
Ziggurat: Depths:3

Annotations:
D:10 !hydra, exclusion: downstairs
Lair:2 !don't get cocky, think it through
Swamp:2 !dont get cocky
Swamp:3 !don't get cocky, exclusion: Roxanne, Roxanne
Snake:2 1 exclusion
Snake:4 !Don't get cocky
Elf:1 !don't get cocky
Vaults:2 !danger
Depths:1 exclusions: 2 downstairs and 2 more exclusions


Innate Abilities, Weirdness & Mutations

You reflexively headbutt those who attack you in melee.
You have a pair of horns on your head.
You are agile. (Dex +2)
You tend to lose your temper in combat.
You are frail. (-10% HP)
You passively map a small area around you.
Your system is resistant to poisons. (rPois)
You expend magic power (3 MP) to strengthen your wands.
[You are very clumsy. (Dex -4)]
[You are very dopey. (Int -4)]
[Your magical capacity is very low. (-20% MP)]
[You sometimes yell uncontrollably at your foes.]
[Your spells are easier to cast, but less powerful.]


Message History

You blink.
You feel slightly less full.
A worldbinder comes into view.
You block the chaos spawn's attack.
You block the large abomination's attack.
The earth elemental completely misses you.
You riposte.
You hit the earth elemental but do no damage.
The chaos spawn barely misses you.
You block the large abomination's attack.
You blink.
You feel slightly less full.
A large abomination comes into view.
Some walls begin to move on their own!
You block the apocalypse crab's attack. The apocalypse crab claws you.
* * * LOW HITPOINT WARNING * * *
Some walls begin to move on their own!
The earth elemental barely misses you. You block the earth elemental's attack.
A chorus of shrieks assaults your mind.
You die...

. .. . . . . #
. .§. . # . . .
#..# . ..#.. #x
# # X #.#. #
#..### # ## #
###..## #
##eE##@### ##
#####E.#XEEtE#
#. #5#E.4X.#..#
#.
##.EX.E*E#.§X..
.###..X3#..#
#§..
#E##.#.##.##§.
#
##X†#4#.....#.
#.E#...#..## ##
##E ## .##


You could see 2 starcursed masses, a wretched star, an apocalypse crab, a
thrashing horror, 2 large abominations, 7 earth elementals, a neqoxec and 2
chaos spawn.

Vanquished Creatures
  An ancient lich (Lair:2)
  Mennas (Vaults:2)
  A juggernaut (Depths:5)
  Margery (Vaults:4)
  Xtahua (Vaults:4)
  Saint Roka (Elf:2)
  Frederick (Vaults:2)
  14 large abominations
  3 golden dragons
  Nikola (Swamp:4)
  2 bone dragons
  Jorgrun (Vaults:3)
  A tentacled monstrosity (Depths:2)
  3 liches
  Asterion (Vaults:2)
  7 sphinxes
  A quicksilver dragon (Depths:2)
  An ancient champion (Vaults:2)
  6 tentacled starspawn (Abyss:5)
  2 shadow dragons
  A storm dragon (Depths:5)
  A thorn hunter (Swamp:1)
  4 tengu reavers
  Donald (Swamp:4)
  Kirke (Snake:4)
  A daeva (Abyss:5)
  An azure jelly (Lair:6)
  A draconian knight (Depths:5)
  7 fire giants
  10 nagarajas
  2 iron dragons
  3 deep elf sorcerers
  Aizul (Snake:1)
  15 vault wardens
  8 frost giants
  A curse skull (Vaults:2)
  A ghoul (Vaults:2)
  A cacodemon (Depths:1)
  A reaper (Depths:2)
  23 very ugly things
  19 stone giants
  12 ironheart preservers
  A lorocyproca (Abyss:5)
  2 deep elf demonologists
  2 entropy weavers
  A white draconian (Depths:5)
  A purple draconian (Depths:5)
  2 deep elf annihilators
  5 spark wasps
  14 fire dragons
  2 yellow draconians (Depths:5)
  7 ettins
  A mummy priest (Depths:1)
  A deep elf death mage (Depths:5)
  An eidolon (Vaults:2)
  11 yaktaur captains
  2 deep elf high priests (Elf:1)
  8 rakshasas
  7 great orbs of eyes
  The ghost of NullDivider the Spry, a journeyman FeMo of Dithmenos (D:13)
  5 spriggan air magi
  Fannar (Lair:3)
  12 vault guards
  2 ghost crabs
  9 ice dragons
  The ghost of schorsch312 the Severer, a journeyman HOFi of Makhleb (D:12)
  3 catoblepae
  7 alligators
  24 anacondas
  3 centaur warriors
  18 hydras
  14 naga warriors
  16 deep troll shamans
  23 dancing weapons
  2 orc high priests
  7 deep troll earth magi
  2 vampire magi
  18 ogre magi
  13 thrashing horrors (Abyss:5)
  3 tengu warriors
  A death knight (D:15)
  4 death yaks
  5 spriggan berserkers
  A hell hog (shapeshifter) (Depths:3)
  A shock serpent (shapeshifter) (Depths:4)
  9 shock serpents
  20 deep elf knights
  3 spriggans
  2 sun demons (Abyss:5)
  3 naga sharpshooters
  10 hell knights
  6 wretched stars (Abyss:5)
  The ghost of Sanvar the Whirler, a novice HaHu of Elyvilon (D:8)
  13 skeletal warriors
  A shadow wraith (Vaults:4)
  8 iron trolls
  11 small abominations
  2 sixfirhies
  2 spatial maelstroms (Abyss:5)
  6 salamander mystics
  A spark wasp zombie (Depths:3)
  A sea snake (shapeshifter) (Depths:4)
  A golden dragon zombie (Depths:3)
  An unseen horror (Abyss:5)
  9 naga ritualists
  A deep troll (shapeshifter) (Depths:2)
  28 deep trolls
  21 deep elf archers
  5 glowing orange brains
  18 starcursed masses (Abyss:5)
  7 swamp dragons
  4 shambling mangroves
  2 flayed ghosts
  Pikel (D:7)
  2 phantasmal warriors
  9 necromancers
  11 ironbrand convokers
  3 lindwurms
  10 orc sorcerers
  11 mana vipers
  8 wizards
  14 orc knights
  6 wolf spiders
  8 hill giants
  3 harpies (Vaults:4)
  A stone giant zombie (Vaults:2)
  6 cyclopes
  An orb spider (shapeshifter) (Vaults:1)
  37 ugly things
  5 manticores
  9 elephants (Lair:6)
  57 deep elf magi
  20 salamanders
  A fire giant zombie (Vaults:2)
  3 rust devils
  Psyche (D:9)
  13 guardian serpents
  43 black mambas
  Joseph (D:9)
  9 vault sentinels
  15 naga magi
  7 torpor snails
  4 smoke demons (Abyss:5)
  An orange demon (Depths:2)
  15 spiny frogs
  8 gargoyles
  5 spectral swamp worms (Depths:1)
  2 centaur skeletons
  36 yaktaurs
  A komodo dragon (shapeshifter) (Depths:3)
  8 freezing wraiths
  3 kobold demonologists (D:15)
  12 komodo dragons
  2 efreet (Abyss:5)
  3 ancient zymes (Abyss:5)
  3 guardian mummies (Depths:1)
  2 tengu conjurers (D:15)
  A jumping spider (shapeshifter) (Vaults:4)
  A wind drake (shapeshifter) (Vaults:4)
  A red devil (Depths:1)
  9 tyrant leeches
  2 catoblepas skeletons (Abyss:5)
  23 hornets
  21 two-headed ogres
  23 blink frogs
  12 trolls
  6 polar bears
  A merfolk (shapeshifter) (D:15)
  A polar bear (shapeshifter) (Vaults:1)
  61 slime creatures
  5 raiju (Abyss:5)
  3 dream sheep
  A stone giant simulacrum (Vaults:2)
  An ettin zombie (Vaults:3)
  8 bog bodies
  20 hippogriffs
  A hippogriff (shapeshifter) (Vaults:4)
  A vampire (D:10)
  2 ynoxinuls
  2 flying skulls
  A tarantella (shapeshifter) (Depths:2)
  A redback (Vaults:4)
  3 shadows
  2 spriggan skeletons (Depths:3)
  7 wraiths
  3 wyverns
  3 water elementals
  8 air elementals
  35 yaks
  8 hogs
  A basilisk (shapeshifter) (Vaults:2)
  17 humans (D:14)
  Eustachio (D:6)
  2 steam dragons
  2 human simulacra
  A hungry ghost (D:15)
  3 fire elementals
  7 chaos spawn (Abyss:5)
  9 basilisks
  7 vampire mosquitoes
  12 mottled dragons
  6 neqoxecs
  3 spatial vortices (Abyss:5)
  6 wargs
  4 insubstantial wisps
  38 nagas
  19 swamp worms
  A soldier ant (D:15)
  A soldier ant (shapeshifter) (Vaults:1)
  26 water moccasins
  Duvessa (D:4)
  A floating eye (Depths:3)
  12 swamp drakes
  5 black bears
  40 orc warriors
  16 porcupines
  An elf zombie (Vaults:2)
  4 ice beasts
  3 phantoms
  3 sky beasts
  2 hornet zombies
  3 necrophages
  10 centaurs
  76 ogres
  14 wolves
  9 boggarts
  21 crocodiles
  An orc skeleton (Vaults:2)
  3 human zombies (Vaults:3)
  4 big kobolds
  3 earth elementals
  A gnoll sergeant (D:10)
  14 bullfrogs
  2 human skeletons
  Dowan (D:4)
  A water moccasin skeleton (D:9)
  A wyvern skeleton (D:12)
  6 scorpions
  6 killer bees
  23 wights
  2 electric eels
  3 howler monkeys (D:11)
  8 jellies
  9 crimson imps
  6 centaur zombies
  4 quasits
  3 bullfrog zombies
  20 orc priests
  Crazy Yiuf (D:2)
  2 bullfrog skeletons (D:13)
  13 hounds
  A gnoll shaman (D:7)
  8 iguanas
  44 orc wizards
  Terence (D:2)
  Jessica (D:2)
  12 worker ants
  A worker ant (shapeshifter) (Vaults:1)
  2 hound zombies
  3 worker ant zombies
  10 gnolls
  12 adders
  6 shadow imps
  A white imp (Depths:2)
  2 oozes
  An adder skeleton (D:5)
  3 worms
  4 dart slugs
  2 leopard geckos (D:11)
  123 orcs
  A ball python (D:2)
  3 bats
  6 giant cockroaches
  4 goblins
  11 hobgoblins
  9 jackals
  5 quokkas
  A ball python skeleton (D:6)
  3 frilled lizards
  12 kobolds
  A leopard gecko skeleton (D:5)
  A quokka skeleton (D:9)
  5 rats
  A starspawn tentacle (Abyss:5)
2146 creatures vanquished.

Vanquished Creatures (others)
  A frost giant (Depths:4)
  2 stone giants
  2 yaktaur captains
  A centaur warrior (Vaults:2)
  5 death yaks (Lair:6)
  A deep elf knight (Elf:2)
  A spriggan druid (Swamp:3)
  A lindwurm (Swamp:4)
  2 deep elf archers (Vaults:2)
  7 yaktaurs
  A spiny frog (Lair:6)
  A tyrant leech (Swamp:4)
  A hornet (Swamp:2)
  A blink frog (Lair:6)
  An air elemental (Depths:4)
  A spriggan (Swamp:2)
  A steam dragon (Swamp:4)
  A large abomination (Abyss:5)
  A swamp drake (Swamp:4)
  A black bear (D:7)
  3 slaves (D:7)
  A boggart (Vaults:1)
  A starcursed mass (Abyss:5)
  An orc priest (D:7)
  A hound skeleton (D:7)
  A shadow imp (Depths:3)
  A white imp (Depths:4)
  An orc (Elf:1)
  16 fungi
  A lurking horror (Abyss:5)
  43 plants
  19 starspawn tentacles (Abyss:5)
122 creatures vanquished.

Grand Total: 2268 creatures vanquished

Notes
Turn   | Place    | Note
-------+----------+-------------------------------------------
     0 | D:1      | bobthegiant the Minotaur Fighter began the quest for the Orb.
     0 | D:1      | Reached XP level 1. HP: 19/19 MP: 0/0
   184 | D:1      | Reached skill level 3 in Long Blades
   355 | D:1      | Reached XP level 2. HP: 26/26 MP: 1/1
  1011 | D:2      | Reached skill level 4 in Long Blades
  1099 | D:2      | Noticed Jessica
  1106 | D:2      | Reached XP level 3. HP: 28/31 MP: 2/2
  1115 | D:2      | Killed Jessica
  1115 | D:2      | Reached skill level 5 in Long Blades
  1286 | D:2      | Noticed Terence
  1300 | D:2      | Killed Terence
  1300 | D:2      | Reached XP level 4. HP: 30/39 MP: 3/3
  1543 | D:2      | Reached skill level 6 in Long Blades
  1753 | D:2      | Found a runed door.
  1757 | D:2      | Noticed Crazy Yiuf
  1766 | D:2      | Killed Crazy Yiuf
  1766 | D:2      | Reached XP level 5. HP: 2/45 MP: 4/4
  1767 | D:2      | Gained mutation: Your flesh is heat resistant. (rF+) [potion of mutation]
  1767 | D:2      | Gained mutation: You have sharp toenails. [potion of mutation]
  1767 | D:2      | Gained mutation: Your muscles are strong. (Str +2) [potion of mutation]
  1767 | D:2      | HP: 2/45 [poisoned by Crazy Yiuf]
  2210 | D:3      | Gained mutation: You passively map a small area around you. [potion of mutation]
  2210 | D:3      | Gained mutation: [You are clumsy. (Dex -2)] [potion of mutation]
  2210 | D:3      | Lost mutation: You have sharp toenails. [potion of mutation]
  2258 | D:3      | Gained mutation: You expend magic power (3 MP) to strengthen your wands. [potion of mutation]
  2258 | D:3      | Lost mutation: [You are clumsy. (Dex -2)] [potion of mutation]
  2258 | D:3      | Gained mutation: [You are dopey. (Int -2)] [potion of mutation]
  2311 | D:3      | Found a burning altar of Makhleb.
  2315 | D:3      | Reached skill level 7 in Long Blades
  2408 | D:3      | Found a glowing golden altar of the Shining One.
  2409 | D:3      | Found a hazy altar of Hepliaklqana.
  2410 | D:3      | Found a sacrificial altar of Ru.
  2410 | D:3      | Found a shadowy altar of Dithmenos.
  3095 | D:4      | Reached XP level 6. HP: 36/51 MP: 5/5
  3101 | D:4      | Lost mutation: [You are dopey. (Int -2)] [potion of cure mutation]
  3101 | D:4      | Lost mutation: You passively map a small area around you. [potion of cure mutation]
  3101 | D:4      | Lost mutation: You expend magic power (3 MP) to strengthen your wands. [potion of cure mutation]
  3101 | D:4      | Lost mutation: Your muscles are strong. (Str +2) [potion of cure mutation]
  3101 | D:4      | Lost mutation: Your flesh is heat resistant. (rF+) [potion of cure mutation]
  3206 | D:4      | Got a steaming steel ring
  3216 | D:4      | Noticed Dowan
  3220 | D:4      | Noticed Duvessa
  3228 | D:4      | Killed Duvessa
  3228 | D:4      | Reached skill level 8 in Long Blades
  3241 | D:4      | Killed Dowan
  3254 | D:4      | Identified the ring of the Tarantula {Fire Str+6} (You found it on level 4 of the Dungeon)
  3438 | D:4      | Found Foennesi's Armour Emporium.
  3454 | D:4      | Reached skill level 9 in Long Blades
  3516 | D:4      | Found a snail-covered altar of Cheibriados.
  3519 | D:4      | Noticed a hippogriff
  3530 | D:4      | Killed a hippogriff
  3530 | D:4      | Reached XP level 7. HP: 50/57 MP: 6/6
  3638 | D:4      | Reached skill level 10 in Long Blades
  4041 | D:4      | Found a burning altar of Makhleb.
  4042 | D:4      | Found a shimmering altar of Xom.
  4129 | D:5      | Entered Level 5 of the Dungeon
  4320 | D:5      | Reached skill level 11 in Long Blades
  4448 | D:5      | Found a staircase to the Ecumenical Temple.
  4457 | Temple   | Entered the Ecumenical Temple
  4463 | Temple   | Became a worshipper of Warmaster Okawaru
  4611 | D:5      | Reached XP level 8. HP: 66/66 MP: 7/7
  4877 | D:5      | Reached skill level 1 in Invocations
  5313 | D:5      | Reached * piety under Okawaru
  5444 | D:6      | Reached skill level 5 in Shields
  5626 | D:6      | Reached skill level 5 in Fighting
  5795 | D:6      | Found a large runed door.
  5795 | D:6      | Found a large runed door.
  5809 | D:6      | Noticed Eustachio
  5814 | D:6      | Reached ** piety under Okawaru
  5827 | D:6      | Killed Eustachio
  5827 | D:6      | Reached XP level 9. HP: 71/75 MP: 8/10
  5846 | D:6      | Found a large runed door.
  5846 | D:6      | Found a large runed door.
  6084 | D:7      | Reached skill level 12 in Long Blades
  6233 | D:7      | Learned a level 3 spell: Confuse
  6242 | D:7      | Noticed Pikel
  6262 | D:7      | Killed Pikel
  6341 | D:7      | Reached *** piety under Okawaru
  6642 | D:7      | Found a huge runed gate.
  6643 | D:7      | Noticed a polar bear
  6643 | D:7      | Found a huge runed gate.
  6643 | D:7      | Found a huge runed gate.
  6643 | D:7      | Found a huge runed gate.
  6643 | D:7      | Noticed a polar bear
  6643 | D:7      | Noticed a polar bear
  6645 | D:7      | Noticed a manticore
  6662 | D:7      | Reached skill level 5 in Invocations
  6675 | D:7      | Killed a polar bear
  6689 | D:7      | Killed a polar bear
  6689 | D:7      | Reached XP level 10. HP: 48/85 MP: 10/13
  6711 | D:7      | Reached **** piety under Okawaru
  6718 | D:7      | Killed a manticore
  6728 | D:7      | Reached skill level 13 in Long Blades
  7155 | D:8      | Reached ***** piety under Okawaru
  7363 | D:8      | Noticed Sanvar's ghost (novice HaHu)
  7412 | D:8      | Killed Sanvar's ghost
  7841 | D:9      | Reached XP level 11. HP: 87/96 MP: 15/15
  7909 | D:9      | Found Gypo's Distillery.
  8073 | D:4      | Bought the +2 shield of Resistance {rF+ rC+ MR+} for 411 gold pieces
  8287 | D:9      | Noticed Joseph
  8322 | D:9      | Killed Joseph
  8554 | D:9      | Noticed Psyche
  8563 | D:9      | Killed Psyche
  8563 | D:9      | Received a gift from Okawaru
  8569 | D:9      | Got a blackened plate armour {god gift}
  8580 | D:9      | Identified the +0 plate armour of Existentialism {Str+6} (Okawaru gifted it to you on level 9 of the Dungeon)
  8594 | D:9      | Found an opulent altar of Gozag.
  8807 | D:9      | Found Nyffejipn's Book Emporium.
  9077 | D:10     | Entered Level 10 of the Dungeon
  9083 | D:10     | Found Ipoud's Gadget Boutique.
  9581 | D:10     | Reached skill level 5 in Armour
  9591 | D:10     | Found Wesomp's Assorted Antiques.
  9828 | Temple   | Identified a scroll of acquirement
  9989 | D:9      | Reached skill level 10 in Shields
 10153 | D:10     | Found Epay's Food Shoppe.
 10286 | D:10     | Reached skill level 10 in Fighting
 10975 | D:11     | Noticed a seven-headed hydra
 11046 | D:11     | Noticed a hill giant
 11057 | D:11     | Killed a hill giant
 11057 | D:11     | Reached skill level 14 in Long Blades
 11408 | D:11     | Noticed a green ugly thing
 11418 | D:11     | Killed a green ugly thing
 12241 | D:11     | Found a staircase to the Lair.
 12252 | Lair:1   | Entered Level 1 of the Lair of Beasts
 12356 | Lair:1   | Reached XP level 12. HP: 93/106 MP: 17/17
 12449 | Lair:1   | Received a gift from Okawaru
 12464 | Lair:1   | Got a pair of polished boots {god gift}
 12475 | Lair:1   | Identified the +0 pair of boots of Oheab {Int+4} (Okawaru gifted it to you on level 1 of the Lair of Beasts)
 12814 | Lair:1   | Found a frozen archway.
 14515 | Lair:3   | Noticed Fannar
 14536 | Lair:3   | Killed Fannar
 14536 | Lair:3   | Reached skill level 15 in Long Blades
 14642 | Lair:3   | Found a staircase to the Swamp.
 14760 | Lair:3   | Reached ****** piety under Okawaru
 15585 | Lair:4   | Noticed a seven-headed hydra
 15591 | Lair:4   | Killed a seven-headed hydra
 15591 | Lair:4   | Received a gift from Okawaru
 15591 | Lair:4   | Reached XP level 13. HP: 99/116 MP: 19/19
 15985 | Lair:4   | Found a staircase to the Snake Pit.
 16221 | Lair:4   | Noticed a nagaraja
 16232 | Lair:4   | Killed a nagaraja
 16232 | Lair:4   | Reached skill level 10 in Invocations
 16736 | Lair:4   | Identified the Catalogue of the Unholy Oath
 17197 | Lair:5   | Received a gift from Okawaru
 17199 | Lair:5   | Got a brightly glowing ring mail {god gift}
 17352 | Lair:4   | Identified the +5 ring mail of Faengase {+Blink rN+ Regen+ Dex+2} (Okawaru gifted it to you on level 5 of the Lair of Beasts)
 17448 | Lair:5   | Reached skill level 10 in Armour
 18290 | Lair:6   | Entered Level 6 of the Lair of Beasts
 18462 | Lair:6   | Found a staircase to the Slime Pits.
 18729 | Lair:6   | Reached skill level 1 in Dodging
 18805 | Lair:6   | Noticed a fire dragon
 18842 | Lair:6   | Killed a fire dragon
 18842 | Lair:6   | Received a gift from Okawaru
 18842 | Lair:6   | Reached XP level 14. HP: 71/128 MP: 20/20
 18923 | Lair:6   | Got a pair of slimy gloves {god gift}
 18942 | Lair:6   | Identified the +2 pair of gloves "Gagup" {rN+ Regen+ Int+3 Dex-4} (Okawaru gifted it to you on level 6 of the Lair of Beasts)
 19060 | Lair:6   | Reached skill level 16 in Long Blades
 19493 | Lair:6   | Paralysed by a hornet for 1 turns
 19709 | Lair:6   | Noticed an azure jelly
 19719 | Lair:6   | Killed an azure jelly
 19778 | Lair:6   | Found a runed door.
 20869 | D:10     | Reached skill level 5 in Dodging
 21083 | Lair:2   | Gained mutation: You passively map a small area around you. [potion of beneficial mutation]
 21373 | D:11     | Found a staircase to the Orcish Mines.
 21541 | Orc:1    | Entered Level 1 of the Orcish Mines
 21609 | Orc:2    | Entered Level 2 of the Orcish Mines
 21979 | Orc:2    | Found a staircase to the Elven Halls.
 22044 | Orc:2    | Received a gift from Okawaru
 22133 | Orc:2    | Found Ygixtueth's Jewellery Shoppe.
 22133 | Orc:2    | Found Gyomol's Magic Scroll Shoppe.
 22212 | Orc:2    | Found Gafudali's General Store.
 22212 | Orc:2    | Found Nurghir's Jewellery Emporium.
 22349 | Orc:2    | Bought an uncursed ring of poison resistance for 260 gold pieces
 22351 | Orc:2    | Bought an uncursed ring of see invisible for 255 gold pieces
 22365 | Orc:2    | Bought the ring "Hearphe" {rC+ Str+3} for 497 gold pieces
 22677 | Snake:1  | Entered Level 1 of the Snake Pit
 22764 | Snake:1  | Reached XP level 15. HP: 126/137 MP: 21/21
 22875 | Snake:1  | Noticed Aizul
 22902 | Snake:1  | Killed Aizul
 23656 | Snake:1  | Received a gift from Okawaru
 23657 | Snake:1  | Got an encrusted demon blade {god gift}
 23658 | Snake:1  | Identified the +2 demon blade of Plog {venom, +Rage +Inv Str-5 Dex+4} (Okawaru gifted it to you on level 1 of the Snake Pit)
 23729 | Snake:2  | Reached skill level 17 in Long Blades
 24124 | Snake:2  | Noticed a nagaraja
 24139 | Snake:2  | Killed a nagaraja
 24538 | Snake:3  | Received a gift from Okawaru
 24746 | Snake:3  | Reached skill level 15 in Shields
 25047 | Snake:3  | Reached skill level 1 in Evocations
 25224 | Snake:3  | Reached skill level 15 in Fighting
 25801 | Snake:3  | Reached XP level 16. HP: 131/149 MP: 22/22
 25849 | Snake:4  | Entered Level 4 of the Snake Pit
 26546 | Snake:4  | Received a gift from Okawaru
 26813 | Snake:4  | Noticed Kirke
 26840 | Snake:4  | Killed Kirke
 27098 | Snake:4  | Received a gift from Okawaru
 27124 | Snake:4  | Reached skill level 18 in Long Blades
 27614 | Snake:4  | Reached skill level 5 in Evocations
 27645 | Snake:4  | Reached skill level 10 in Dodging
 28130 | Snake:4  | Reached XP level 17. HP: 149/158 MP: 21/23
 28232 | Snake:4  | Got a serpentine rune of Zot
 28783 | D:9      | Bought 2 potions of heal wounds for 120 gold pieces
 29002 | Swamp:1  | Entered Level 1 of the Swamp
 29129 | Swamp:1  | Received a gift from Okawaru
 29230 | Swamp:1  | Got bloodstained shadow dragon scales {god gift}
 29318 | Lair:3   | Identified the +0 shadow dragon scales of Greed {rPois Str+2 Dex+4 Stlth++++} (Okawaru gifted it to you on level 1 of the Swamp)
 30186 | Swamp:2  | Got a heavily runed tin ring
 30548 | Lair:3   | Identified the ring of Zeygg {Int+4 Slay+5} (You found it on level 2 of the Swamp)
 31278 | Swamp:3  | Noticed Roxanne
 31341 | Swamp:4  | Entered Level 4 of the Swamp
 31453 | Swamp:3  | Reached skill level 15 in Armour
 31962 | Swamp:4  | Noticed Donald
 32173 | Swamp:4  | Noticed Nikola
 32229 | Swamp:3  | Gained mutation: Your system is resistant to poisons. (rPois) [potion of beneficial mutation]
 32280 | Swamp:4  | Killed Nikola
 32289 | Swamp:4  | Killed Donald
 32401 | Swamp:4  | Got a decaying rune of Zot
 32788 | Orc:2    | Bought a scroll of identify for 24 gold pieces
 32788 | Orc:2    | Bought a scroll of silence for 90 gold pieces
 32788 | Orc:2    | Bought a scroll of enchant armour for 90 gold pieces
 33247 | D:12     | Found Lyngul's Gadget Shoppe.
 33306 | D:12     | Noticed schorsch312's ghost (journeyman HOFi)
 33313 | D:12     | Killed schorsch312's ghost
 33544 | D:12     | Found Camiloq's Antique Weapon Shoppe.
 33556 | D:12     | Found Voxoq's Food Emporium.
 33575 | D:12     | Found a labyrinth entrance.
 33580 | D:12     | Found Wakhes's Magic Scroll Emporium.
 33592 | D:12     | Bought a scroll of magic mapping for 56 gold pieces
 34199 | D:13     | Noticed NullDivider's ghost (journeyman FeMo)
 34208 | D:13     | Killed NullDivider's ghost
 34329 | D:13     | Reached XP level 18. HP: 169/169 MP: 24/24
 34407 | D:13     | Found a glowing silver altar of Zin.
 34758 | D:13     | Reached skill level 19 in Long Blades
 35287 | D:14     | Gained mutation: You are agile. (Dex +2) [potion of beneficial mutation]
 35383 | D:14     | Found a gate to the Vaults.
 35604 | D:15     | Entered Level 15 of the Dungeon
 35742 | D:15     | Got a pitted chain mail
 35752 | D:15     | Identified the +2 chain mail of Music {MR++ Str+4 Int-4} (You found it on level 15 of the Dungeon)
 36081 | D:15     | Received a gift from Okawaru
 36489 | D:15     | Found a staircase to the Depths.
 36728 | Elf:1    | Entered Level 1 of the Elven Halls
 36763 | Elf:1    | Found Anluohen's Weapon Emporium.
 36816 | Elf:1    | Found Kion's Assorted Antiques.
 36824 | Elf:1    | Found Lytz's Armour Boutique.
 36824 | Elf:1    | Found Xublyvin's Armour Shop.
 36869 | Elf:1    | Found Vaonethu's Jewellery Shop.
 38274 | Elf:1    | Reached skill level 10 in Evocations
 38353 | Elf:1    | Received a gift from Okawaru
 38968 | Elf:2    | Noticed Saint Roka
 38992 | Elf:2    | Killed Saint Roka
 38992 | Elf:2    | Reached XP level 19. HP: 166/179 MP: 25/25
 39189 | Elf:2    | Found Plog's Distillery.
 39201 | Elf:2    | Bought a potion of heal wounds for 85 gold pieces
 39484 | Elf:2    | Found a runed gate.
 39484 | Elf:2    | Found a runed gate.
 39496 | Elf:2    | Found a runed gate.
 40243 | Elf:1    | Bought an uncursed amulet of the gourmand for 390 gold pieces
 40251 | Elf:1    | Bought a +3 amulet of reflection for 325 gold pieces
 40714 | Vaults:1 | Entered Level 1 of the Vaults
 40740 | Vaults:1 | Received a gift from Okawaru
 41705 | Vaults:1 | Received a gift from Okawaru
 41740 | Vaults:1 | Reached skill level 20 in Long Blades
 41950 | Vaults:1 | Found Zourrayl's Food Boutique.
 42522 | Vaults:2 | Noticed Frederick
 42528 | Vaults:2 | Killed Frederick
 42528 | Vaults:2 | Reached XP level 20. HP: 189/189 MP: 22/28
 43265 | Vaults:2 | Received a gift from Okawaru
 43269 | Vaults:2 | Got a pair of twisted gloves {god gift}
 43534 | Vaults:2 | Noticed Mennas
 43572 | Vaults:2 | Killed Mennas
 43953 | Vaults:2 | Noticed Asterion
 43969 | Vaults:2 | Killed Asterion
 43972 | Vaults:2 | Got a faintly humming shield
 44113 | D:14     | Identified the +0 pair of gloves of Impressiveness {rF+ Dex+3} (Okawaru gifted it to you on level 2 of the Vaults)
 44133 | D:14     | Identified the cursed +0 shield "Vifishre" {rElec rCorr Dex+4} (You took it off Asterion on level 2 of the Vaults)
 44424 | Lair:2   | Got a shimmering demon blade
 44427 | Lair:2   | Identified the +11 demon blade "Haby" {drain, +Inv rElec rC+ Str-5} (You acquired it on level 2 of the Lair of Beasts)
 45169 | Vaults:3 | Noticed Jorgrun
 45192 | Vaults:3 | Killed Jorgrun
 45192 | Vaults:3 | Received a gift from Okawaru
 45195 | Vaults:3 | Got a scorched long sword {god gift}
 45914 | Vaults:3 | Got a translucent great sword
 45942 | Vaults:3 | Got a scorched buckler
 45966 | Vaults:3 | Reached XP level 21. HP: 199/199 MP: 29/29
 46185 | Vaults:3 | Received a gift from Okawaru
 46217 | Vaults:3 | Got an ichor-stained triple sword {god gift}
 46229 | Vaults:3 | Identified the +10 long sword of Blind Justice {slice, rC+ Str+4 Int-4} (Okawaru gifted it to you on level 3 of the Vaults)
 46240 | Vaults:3 | Identified the +3 buckler of the City {rF++ Str-4 Int+5} (You found it on level 3 of the Vaults)
 46362 | Vaults:3 | Reached skill level 15 in Dodging
 46439 | Vaults:3 | Reached skill level 21 in Long Blades
 47128 | Vaults:4 | Noticed Margery
 47154 | Vaults:4 | Killed Margery
 47551 | Vaults:4 | Noticed Xtahua
 47574 | Vaults:4 | Killed Xtahua
 48143 | Vaults:4 | Received a gift from Okawaru
 48912 | Depths:1 | Entered Level 1 of the Depths
 48912 | Depths:1 | Found a gateway to Hell.
 49022 | Depths:1 | Identified the Grimoire of Stones
 49161 | Depths:1 | Found a one-way gate leading to the halls of Pandemonium.
 49166 | Depths:1 | Gained mutation: You expend magic power (3 MP) to strengthen your wands. [a neqoxec]
 49266 | Depths:1 | Reached XP level 22. HP: 209/209 MP: 31/31
 50038 | Depths:2 | Received a gift from Okawaru
 50937 | Depths:2 | Reached skill level 22 in Long Blades
 51182 | Depths:2 | Noticed a golden dragon
 51203 | Depths:2 | Killed a golden dragon
 51367 | Depths:2 | Identified the Almanac of Enchantment
 51376 | Depths:2 | Got scorched fire dragon scales
 51756 | Lair:2   | Identified the +2 fire dragon scales of the Hidden Gods {rElec rF++ rC- Int+2} (You took it off a salamander on level 2 of the Depths)
 52591 | Depths:3 | Noticed a golden dragon
 52605 | Depths:3 | Killed a golden dragon
 52605 | Depths:3 | Received a gift from Okawaru
 52629 | Depths:3 | Reached XP level 23. HP: 142/220 MP: 28/33
 52767 | Depths:3 | Found a gateway to a ziggurat.
 53058 | Depths:3 | Paralysed by a floating eye for 4 turns
 53422 | Depths:4 | Found an iron altar of Okawaru.
 53555 | Depths:4 | Found Jaseff's Book Emporium.
 53679 | Depths:4 | Reached skill level 15 in Evocations
 53691 | Depths:4 | Received a gift from Okawaru
 54321 | Depths:5 | Entered Level 5 of the Depths
 54422 | Depths:5 | Received a gift from Okawaru
 54576 | Depths:5 | Found a gate to the Realm of Zot.
 54606 | Depths:5 | Noticed a juggernaut
 54619 | Depths:5 | Killed a juggernaut
 54649 | Depths:5 | Received a gift from Okawaru
 54974 | Depths:5 | Received a gift from Okawaru
 54985 | Depths:5 | Reached skill level 23 in Long Blades
 54999 | Depths:5 | Reached XP level 24. HP: 231/231 MP: 33/33
 55006 | Depths:5 | Got an ancient triple sword {god gift}
 55772 | Lair:2   | Identified the +8 triple sword of the Lumpy Beggars {drain, MR- Str+5} (Okawaru gifted it to you on level 5 of the Depths)
 55777 | Lair:2   | Cast into level 5 of the Abyss (a distortion unwield)
 55777 | Abyss:5  | Entered Level 5 of the Abyss
 55830 | Abyss:5  | Found a corrupted altar of Lugonu.
 55918 | Abyss:5  | Gained mutation: You tend to lose your temper in combat. [a neqoxec]
 56194 | Abyss:5  | Gained mutation: You are frail. (-10% HP) [a neqoxec]
 56275 | Abyss:5  | Noticed an ancient lich
 56285 | Lair:2   | Escaped the Abyss
 56290 | Lair:2   | Killed an ancient lich
 56443 | Lair:2   | Cast into level 5 of the Abyss (a distortion unwield)
 56443 | Abyss:5  | Entered Level 5 of the Abyss
 56501 | Abyss:5  | Received a gift from Okawaru
 56862 | Abyss:5  | HP: 5/208 [starcursed mass/accursed screaming (9)]
 56864 | Abyss:5  | Killed from afar by a starcursed mass

Skill      XL: |  1  2  3  4  5  6  7  8  9 10 11 12 13 14 15 16 17 18 19 20 21 22 23 24 |
---------------+-------------------------------------------------------------------------+-----
Long Blades    | 3 4 5 6 7 9 11 12 13 14 15 16 17 18 19 20 21 22 23 | 23.3
Shields        | 5 7 9 10 12 13 14 15 | 15.0
Invocations    | 3 5 6 8 9 10 | 10.6
Fighting       | 5 7 9 10 11 13 14 15 16 17 18 19 20 21 22 | 22.3
Armour         | 7 9 10 12 13 14 15 16 17 18 19 20 21 | 21.5
Dodging        | 1 6 8 10 11 12 13 14 15 16 17 18 | 18.4
Evocations     | 2 5 8 10 12 13 14 15 | 15.8

Action                   |  1- 3 |  4- 6 |  7- 9 | 10-12 | 13-15 | 16-18 | 19-21 | 22-24 || total
-------------------------+-------+-------+-------+-------+-------+-------+-------+-------++-------
Melee: Long sword        |    56 |   166 |   130 |       |       |       |       |       ||   352
       Headbutt          |     7 |    40 |    90 |   195 |   334 |   402 |   522 |   554 ||  2144
       Scimitar          |       |       |   187 |   813 |  1455 |   130 |       |       ||  2585
       Demon blade       |       |       |       |       |       |   969 |       |       ||   969
       Double sword      |       |       |       |       |       |   713 |  1951 |  1760 ||  4424
 Fire: Hunting sling     |       |       |       |     4 |    51 |   109 |       |       ||   164
Throw: Tomahawk          |       |     3 |     1 |       |       |       |       |       ||     4
       Stone             |       |     1 |       |       |       |       |       |       ||     1
Invok: Heroism           |       |       |     4 |     6 |    31 |    32 |     3 |       ||    76
       Finesse           |       |       |       |       |     3 |    15 |    11 |     8 ||    37
 Abil: Evoke Blink       |       |       |       |       |       |     3 |     5 |     5 ||    13
       Evoke Flight      |       |       |       |       |       |     1 |       |       ||     1
Evoke: Wand              |       |       |       |     1 |       |     3 |       |       ||     4
       Phial of floods   |       |       |       |       |       |       |       |     3 ||     3
  Use: Potion            |       |    11 |       |       |     2 |    11 |     6 |     6 ||    36
       Scroll            |       |     7 |     3 |    11 |     7 |    14 |     7 |     7 ||    56
 Stab: Confused          |       |       |       |       |     1 |       |       |       ||     1
       Paralysed         |       |       |       |       |       |       |       |     1 ||     1
  Eat: Chunk             |     1 |     8 |    10 |    27 |    28 |    36 |    39 |    20 ||   169
       Fruit             |       |       |       |     1 |     7 |    10 |     8 |     5 ||    31
       Pizza             |       |       |       |       |       |     1 |     2 |       ||     3
       Bread ration      |       |       |       |       |       |       |     1 |     5 ||     6
Armor: Chain mail        |    14 |    63 |    72 |       |       |       |       |       ||   149
       Scale mail        |     4 |       |       |       |       |       |       |       ||     4
       Plate armour      |       |       |    51 |   313 |    43 |       |       |       ||   407
       Ring mail         |       |       |       |       |   337 |   418 |   266 |   374 ||  1395
Dodge: Dodged            |    11 |    31 |    54 |   112 |   417 |   651 |   474 |   757 ||  2507
Block: Shield            |    19 |    76 |   143 |   481 |  1015 |  1167 |  1109 |  1325 ||  5335
       Reflection        |       |       |       |       |       |       |    82 |    74 ||   156
       Rpst.: Long sword |     2 |     6 |     5 |       |       |       |       |       ||    13
       Scimitar          |       |       |    11 |    30 |   104 |    10 |       |       ||   155
       Demon blade       |       |       |       |       |       |    60 |       |       ||    60
       Double sword      |       |       |       |       |       |    37 |   103 |   126 ||   266
